Stars vs Devils
Created - March 15, 2020 at 20:41
Goals
|
| Stars |
0 |
2 |
0 |
2 |
| Devils |
3 |
1 |
2 |
6 |
|
Shots
|
| Stars |
15 |
14 |
7 |
36 |
| Devils |
18 |
8 |
10 |
36 |
|
1st period
1. Devils , Kellan Lain 9 (Tyler Seguin 29) at 2:54 (PP)
2. Devils , Johnny Gaudreau 38 (Viktor Arvidsson 15, Brady Skjei 18) at 11:13 (PP)
3. Devils , Kellan Lain 10 (Riley Sheahan 17, Marian Hossa 9) at 17:50
Penalties :
Michael Grabner (Dal) for Boarding (Minor) at 1:05, Cory Emmerton (Dal) for Holding (Minor) at 10:58
2nd period
4. Stars , Alex Chiasson 9 (Jussi Jokinen 21, Cory Emmerton 15) at 8:36
5. Stars , Cory Emmerton 5 (Jussi Jokinen 22, John Tavares 45) at 9:12
6. Devils , Viktor Arvidsson 21 (Johnny Gaudreau 37) at 11:03
Penalties :
Andrej Sustr (Dal) for Holding (Minor) at 1:55, Kellan Lain (NJD) for Holding (Minor) at 15:10
3rd period
7. Devils , Johnny Gaudreau 39 (Ladislav Smid 12) at 6:06 (SH)
8. Devils , Tyler Seguin 24 (Brady Skjei 19) at 15:21
Penalties :
Travis Hamonic (NJD) for Cross-checking (Minor) at 4:45, Rostislav Olesz (NJD) for Hooking (Minor) at 9:07
Goalie Stats
Cory Schneider (Dal), 30 saves from 36 shots - (0.833), L, 31-14-2, 60:00 minutes
Keith Kinkaid (NJD), 34 saves from 36 shots - (0.944), W, 8-8-0, 60:00 minutes
Players Stats for Stars
Player Name G A P +/- PIM S H SB GA TA FO MP PP MP PK MP
------------------------------------------------------------------------------------
Alex Chiasson 1 0 1 0 0 2 1 0 2 0 0/0 14:33 2:26 0:00
Alexander Frolov 0 0 0 0 0 1 3 1 0 0 0/0 9:25 0:00 1:08
Andrej Sustr 0 0 0 -1 2 0 0 0 0 1 0/0 9:32 0:00 0:00
B.J. Crombeen 0 0 0 0 0 2 0 0 0 0 0/0 8:17 0:00 0:00
Boris Valabik 0 0 0 0 0 1 2 0 0 0 0/0 18:37 1:32 1:32
Brian Lee 0 0 0 -1 0 2 2 0 2 2 0/0 31:53 4:25 2:31
Cam Atkinson 0 0 0 0 0 7 2 0 0 0 0/0 9:32 0:00 0:00
Cory Emmerton 1 1 2 0 2 6 0 0 0 1 10/15 14:32 2:26 0:00
Dana Tyrell 0 0 0 0 0 0 1 0 0 0 2/5 9:41 0:00 0:09
Evgeny Grachev 0 0 0 0 0 0 0 2 1 0 2/4 8:50 0:00 0:30
Guillaume Latendresse 0 0 0 -2 0 2 2 2 0 1 0/1 26:10 3:31 2:38
Ian White 0 0 0 -1 0 2 3 1 1 0 0/0 31:53 4:25 2:31
John Tavares 0 1 1 -2 0 1 0 0 2 1 21/43 26:10 3:31 2:38
Johnny Oduya 0 0 0 0 0 0 0 0 0 0 0/0 18:37 1:32 1:32
Jussi Jokinen 0 2 2 0 0 2 2 0 0 1 1/4 15:39 2:26 1:03
Michael Grabner 0 0 0 -2 2 3 2 1 0 0 2/2 23:31 3:31 0:00
Ted Purcell 0 0 0 0 0 5 0 0 0 1 0/0 9:32 0:00 0:00
Tyson Barrie 0 0 0 -1 0 0 0 0 0 0 0/0 9:30 0:00 0:00
Players Stats for Devils
Player Name G A P +/- PIM S H SB GA TA FO MP PP MP PK MP
------------------------------------------------------------------------------------
Anthony Stewart 0 0 0 0 0 0 1 1 0 0 0/0 8:05 0:00 0:00
Brady Skjei 0 2 2 0 0 3 1 1 0 1 0/0 24:44 1:50 0:00
Brenden Morrow 0 0 0 0 0 1 0 0 0 1 0/0 11:40 0:00 3:53
Brent Seabrook 0 0 0 1 0 1 0 2 0 1 0/0 20:50 2:13 4:24
Johnny Gaudreau 2 1 3 2 0 6 1 0 4 1 0/0 24:27 2:49 0:36
Jordan Caron 0 0 0 0 0 0 2 0 0 0 0/0 7:47 0:00 0:00
Kellan Lain 2 0 2 0 2 7 0 1 1 0 0/2 14:39 1:14 1:00
Kevin Porter 0 0 0 1 0 3 1 0 0 0 5/8 10:21 0:00 1:47
Ladislav Smid 0 1 1 1 0 1 1 0 0 1 0/0 11:35 0:00 1:33
Marian Hossa 0 1 1 0 0 0 3 1 1 0 0/0 13:21 1:14 0:00
Radko Gudas 0 0 0 0 0 1 1 1 0 0 0/0 14:30 0:00 4:24
Riley Sheahan 0 1 1 0 0 2 0 0 0 0 13/31 19:32 2:49 4:04
Rostislav Olesz 0 0 0 0 2 0 0 0 0 0 0/0 8:44 0:00 0:00
Tobias Enstrom 0 0 0 2 0 2 0 0 1 0 0/0 20:46 2:13 1:33
Travis Hamonic 0 0 0 0 2 1 0 1 0 2 0/0 27:42 1:50 0:00
Tyler Bozak 0 0 0 0 0 0 1 0 0 0 2/3 8:26 0:00 0:00
Tyler Seguin 1 1 2 1 0 4 2 0 0 1 15/29 23:00 1:14 0:34
Viktor Arvidsson 1 1 2 1 0 4 2 0 1 0 1/1 23:51 2:49 0:00
3 Stars
1 - Johnny Gaudreau (NJD)
2 - Viktor Arvidsson (NJD)
3 - Tyler Seguin (NJD)
Power Play
Stars - 0 on 3 Attempt(s) - 0.00%
Devils - 2 on 3 Attempt(s) - 66.67%
Penalty Kill
Stars - 1 on 3 Attempt(s) - 33.33%
- Score 0 goal in Penalty Kill
Devils - 3 on 3 Attempt(s) - 100.00%
- Score 1 goal in Penalty Kill
Team Stat
Stars - Hits : 20 - Faceoff Wins : 38 - Blocked Shots : 7 - Penalty Minutes : 6
Devils - Hits : 16 - Faceoff Wins : 36 - Blocked Shots : 8 - Penalty Minutes : 6
Official
Referees : Unknown
Linesman : Unknown
Game Notes
No Game Note
Finance
Level 1 -- Attendance: 4817 (80.28%) -- Ticket Income $529,870
Level 2 -- Attendance: 3846 (76.92%) -- Ticket Income $269,220
Level 3 -- Attendance: 1628 (81.40%) -- Ticket Income $74,888
Level 4 -- Attendance: 3211 (80.28%) -- Ticket Income $96,330
Luxury Box -- Attendance: 1000 (100.00%) -- Ticket Income $180,000
Game was played at the The prudential Center.
Total Attendance: 14502 (80.57%)
Total Ticket Income: $1,150,308
Other Income: $172,546
Total Income: $1,322,854
Stars
5 vs 5 Forward
Center Left Wing Right Wing Time % Phy DF OF
1 John Tavares Guillaume Latendresse Michael Grabner 40 1 2 2
2 Cory Emmerton Jussi Jokinen Alex Chiasson 30 1 2 2
3 Evgeny Grachev Alexander Frolov B.J. Crombeen 20 1 2 2
4 Dana Tyrell Ted Purcell Cam Atkinson 10 1 2 2
5 vs 5 Defense
Defense Defense Time % Phy DF OF
1 Ian White Brian Lee 40 1 2 2
2 Boris Valabik Johnny Oduya 30 1 2 2
3 Andrej Sustr Tyson Barrie 20 1 2 2
4 Ian White Brian Lee 10 1 2 2
PowerPlay Forward
Center Left Wing Right Wing Time % Phy DF OF
1 John Tavares Guillaume Latendresse Michael Grabner 60 0 2 3
2 Cory Emmerton Jussi Jokinen Alex Chiasson 40 0 2 3
PowerPlay Defense
Defense Defense Time % Phy DF OF
1 Ian White Brian Lee 60 0 2 3
2 Boris Valabik Johnny Oduya 40 0 2 3
Penalty Kill 4 Players Forward
Center Wing Time % Phy DF OF
1 John Tavares Guillaume Latendresse 60 0 3 2
2 Jussi Jokinen Alexander Frolov 40 0 3 2
Penalty Kill 4 Players Defense
Defense Defense Time % Phy DF OF
1 Ian White Brian Lee 60 0 3 2
2 Boris Valabik Johnny Oduya 40 0 3 2
Penalty Kill - 3 Players Forward
Forward Time % Phy DF OF
1 John Tavares 60 0 3 2
2 Guillaume Latendresse 40 0 3 2
Penalty Kill - 3 Players Defense
Defense Defense Time % Phy DF OF
1 Ian White Brian Lee 60 0 3 2
2 Boris Valabik Johnny Oduya 40 0 3 2
4 vs 4 Forward
Center Wing Time % Phy DF OF
1 John Tavares Guillaume Latendresse 60 1 2 2
2 Jussi Jokinen Alexander Frolov 40 1 2 2
4 vs 4 Defense
Defense Defense Time % Phy DF OF
1 Ian White Brian Lee 60 1 2 2
2 Boris Valabik Johnny Oduya 40 1 2 2
Last Minutes Offensive
Center Left Wing Right Wing Defense Defense
John Tavares Guillaume Latendresse Michael Grabner Ian White Brian Lee
Last Minutes Defensive
Center Left Wing Right Wing Defense Defense
John Tavares Guillaume Latendresse Michael Grabner Ian White Brian Lee
Goaltenders
Starting : Cory Schneider
Backup : Brian Elliott
Extra Forwards
Normal : Ted Purcell, B.J. Crombeen, Evgeny Grachev - PP : Ted Purcell, B.J. Crombeen - PK : Evgeny Grachev
Extra Defensemen
Normal : Andrej Sustr, Tyson Barrie, Boris Valabik - PP : Andrej Sustr - PK : Tyson Barrie, Boris Valabik
Penalty Shots
John Tavares, Guillaume Latendresse, Jussi Jokinen, Alexander Frolov, Michael Grabner
Scratches
Antoine Vermette (Right Hand Injury), Niklas Hjalmarsson (Back Spasms Injury)
Devils
5 vs 5 Forward
Center Left Wing Right Wing Time % Phy DF OF
1 Tyler Seguin Johnny Gaudreau Viktor Arvidsson 40 0 2 3
2 Riley Sheahan Kellan Lain Marian Hossa 30 1 2 2
3 Kevin Porter Brenden Morrow Jordan Caron 20 1 2 2
4 Tyler Bozak Rostislav Olesz Anthony Stewart 10 1 2 2
5 vs 5 Defense
Defense Defense Time % Phy DF OF
1 Travis Hamonic Brady Skjei 40 1 2 2
2 Brent Seabrook Tobias Enstrom 30 1 2 2
3 Ladislav Smid Radko Gudas 20 1 2 2
4 Travis Hamonic Tobias Enstrom 10 1 2 2
PowerPlay Forward
Center Left Wing Right Wing Time % Phy DF OF
1 Riley Sheahan Johnny Gaudreau Viktor Arvidsson 60 1 2 2
2 Tyler Seguin Kellan Lain Marian Hossa 40 1 2 2
PowerPlay Defense
Defense Defense Time % Phy DF OF
1 Travis Hamonic Brady Skjei 60 1 2 2
2 Tobias Enstrom Brent Seabrook 40 1 2 2
Penalty Kill 4 Players Forward
Center Wing Time % Phy DF OF
1 Riley Sheahan Brenden Morrow 60 1 2 2
2 Kevin Porter Kellan Lain 40 1 2 2
Penalty Kill 4 Players Defense
Defense Defense Time % Phy DF OF
1 Brent Seabrook Radko Gudas 60 1 2 2
2 Tobias Enstrom Ladislav Smid 40 1 2 2
Penalty Kill - 3 Players Forward
Forward Time % Phy DF OF
1 Brenden Morrow 60 1 2 2
2 Kevin Porter 40 1 2 2
Penalty Kill - 3 Players Defense
Defense Defense Time % Phy DF OF
1 Travis Hamonic Brent Seabrook 60 1 2 2
2 Tobias Enstrom Ladislav Smid 40 1 2 2
4 vs 4 Forward
Center Wing Time % Phy DF OF
1 Tyler Seguin Brenden Morrow 60 1 2 2
2 Riley Sheahan Viktor Arvidsson 40 1 2 2
4 vs 4 Defense
Defense Defense Time % Phy DF OF
1 Travis Hamonic Brent Seabrook 60 1 2 2
2 Tobias Enstrom Brady Skjei 40 1 2 2
Last Minutes Offensive
Center Left Wing Right Wing Defense Defense
Tyler Seguin Johnny Gaudreau Viktor Arvidsson Travis Hamonic Brent Seabrook
Last Minutes Defensive
Center Left Wing Right Wing Defense Defense
Riley Sheahan Brenden Morrow Marian Hossa Travis Hamonic Brent Seabrook
Goaltenders
Starting : Keith Kinkaid
Backup : Antti Niemi
Extra Forwards
Normal : Riley Sheahan, Rostislav Olesz, Kevin Porter - PP : Brenden Morrow, Rostislav Olesz - PK : Kevin Porter
Extra Defensemen
Normal : Brady Skjei, Ladislav Smid, Radko Gudas - PP : Brady Skjei - PK : Ladislav Smid, Tobias Enstrom
Penalty Shots
Tyler Seguin, Viktor Arvidsson, Johnny Gaudreau, Riley Sheahan, Marian Hossa
Scratches
Mike Zigomanis (Healthy), Brandon Burlon (Healthy)
% Time on Ice - Stars
Lines # - Real PCT - Wanted PCT - Time Play
Normal Forward
1 - 40% - 40% - 20:04
2 - 24% - 30% - 12:07
3 - 17% - 20% - 8:17
4 - 19% - 10% - 9:32
Normal Defense
1 - 44% - 40% - 22:11
2 - 31% - 30% - 15:33
3 - 19% - 20% - 9:30
4 - 6% - 10% - 2:46
PP Forward
1 - 59% - 60% - 3:31
2 - 41% - 40% - 2:26
PP Defense
1 - 74% - 60% - 4:25
2 - 26% - 40% - 1:32
PK Forward
1 - 81% - 60% - 3:17
2 - 19% - 40% - 0:46
PK Defense
1 - 62% - 60% - 2:31
2 - 38% - 40% - 1:32
PK3 Forward
1 - 0% - 60%
2 - 0% - 40%
PK3 Defense
1 - 0% - 60%
2 - 0% - 40%
44 Forward
1 - 0% - 60%
2 - 0% - 40%
44 Defense
1 - 0% - 60%
2 - 0% - 40%
Last Minute Offensive - 0:00
Last Minute Defensive - 0:00
Total
Forward - 60:00
Defense - 60:00
|
% Time on Ice - Devils
Lines # - Real PCT - Wanted PCT - Time Play
Normal Forward
1 - 44% - 40% - 21:53
2 - 25% - 30% - 12:15
3 - 16% - 20% - 7:47
4 - 16% - 10% - 8:05
Normal Defense
1 - 47% - 40% - 23:34
2 - 29% - 30% - 14:34
3 - 18% - 20% - 9:01
4 - 6% - 10% - 2:51
PP Forward
1 - 70% - 60% - 2:49
2 - 30% - 40% - 1:14
PP Defense
1 - 45% - 60% - 1:50
2 - 55% - 40% - 2:13
PK Forward
1 - 80% - 60% - 4:47
2 - 20% - 40% - 1:10
PK Defense
1 - 74% - 60% - 4:24
2 - 26% - 40% - 1:33
PK3 Forward
1 - 0% - 60%
2 - 0% - 40%
PK3 Defense
1 - 0% - 60%
2 - 0% - 40%
44 Forward
1 - 0% - 60%
2 - 0% - 40%
44 Defense
1 - 0% - 60%
2 - 0% - 40%
Last Minute Offensive - 0:00
Last Minute Defensive - 0:00
Total
Forward - 60:00
Defense - 60:00
|
Play-by-Play
1st period
0:01 of 1st period - John Tavares wins face-off versus Tyler Seguin in neutral zone.
0:06 of 1st period - Wrist shot by John Tavares.
0:06 of 1st period - Shot Misses the Net.
0:08 of 1st period - Slapshot by Ian White.
0:08 of 1st period - Stopped by Keith Kinkaid with a rebound.
0:10 of 1st period - Slapshot by Michael Grabner.
0:10 of 1st period - Stopped by Keith Kinkaid without a rebound.
0:11 of 1st period - Riley Sheahan wins face-off versus Cory Emmerton in Devils zone.
0:38 of 1st period - Johnny Oduya is hit by Jordan Caron and loses puck.
0:57 of 1st period - Backhand shot by Tobias Enstrom.
0:57 of 1st period - Stopped by Cory Schneider with a rebound.
0:59 of 1st period - Slapshot by Tobias Enstrom.
0:59 of 1st period - Stopped by Cory Schneider without a rebound.
1:00 of 1st period - Tyler Seguin wins face-off versus John Tavares in Stars zone.
1:03 of 1st period - Wrist shot by Tyler Seguin.
1:03 of 1st period - Stopped by Cory Schneider with a rebound.
1:05 of 1st period - Minor Penalty to Michael Grabner for Boarding.
1:06 of 1st period - Riley Sheahan wins face-off versus John Tavares in Stars zone.
1:13 of 1st period - Backhand shot by Brady Skjei.
1:13 of 1st period - Stopped by Cory Schneider with a rebound.
1:15 of 1st period - Wrist shot by Riley Sheahan.
1:15 of 1st period - Deflect By Johnny Gaudreau.
1:15 of 1st period - Shot Hit the Post.
1:15 of 1st period - Puck is out of play.
1:16 of 1st period - John Tavares wins face-off versus Riley Sheahan in Stars zone.
1:35 of 1st period - Snap shot by Riley Sheahan.
1:35 of 1st period - Deflect By Johnny Gaudreau.
1:35 of 1st period - Shot Misses the Net.
1:35 of 1st period - Puck is out of play.
1:36 of 1st period - Jussi Jokinen wins face-off versus Kellan Lain in Stars zone.
1:45 of 1st period - Slapshot by Marian Hossa.
1:45 of 1st period - Shot Misses the Net.
1:47 of 1st period - Wrist shot by Brent Seabrook.
1:47 of 1st period - Shot Blocked by Alexander Frolov.
2:02 of 1st period - Icing by Johnny Gaudreau.
2:03 of 1st period - John Tavares wins face-off versus Riley Sheahan in Devils zone.
2:50 of 1st period - Wrist shot by Riley Sheahan.
2:50 of 1st period - Stopped by Cory Schneider without a rebound.
2:51 of 1st period - Tyler Seguin wins face-off versus Jussi Jokinen in Stars zone.
2:54 of 1st period - Snap shot by Kellan Lain.
2:54 of 1st period - Goal by Kellan Lain - Stars : 0 - Devils : 1.
2:55 of 1st period - Tyler Seguin wins face-off versus John Tavares in neutral zone.
3:55 of 1st period - Slapshot by Kellan Lain.
3:55 of 1st period - Stopped by Cory Schneider without a rebound.
3:56 of 1st period - John Tavares wins face-off versus Tyler Seguin in Stars zone.
4:19 of 1st period - Michael Grabner is hit by Ladislav Smid and loses puck.
4:50 of 1st period - Wrist shot by Tyler Seguin.
4:50 of 1st period - Shot Blocked by Guillaume Latendresse.
5:26 of 1st period - Snap shot by Tyler Seguin.
5:26 of 1st period - Shot Blocked by Guillaume Latendresse.
5:28 of 1st period - Snap shot by Johnny Gaudreau.
5:28 of 1st period - Stopped by Cory Schneider with a rebound.
5:44 of 1st period - Snap shot by Tyler Seguin.
5:44 of 1st period - Deflect By Johnny Gaudreau.
5:44 of 1st period - Stopped by Cory Schneider with a rebound.
5:46 of 1st period - Slapshot by Ladislav Smid.
5:46 of 1st period - Shot Blocked by Michael Grabner.
5:48 of 1st period - Slapshot by Ladislav Smid.
5:48 of 1st period - Stopped by Cory Schneider without a rebound.
5:49 of 1st period - Cory Emmerton wins face-off versus Riley Sheahan in Stars zone.
5:56 of 1st period - Slapshot by Kellan Lain.
5:56 of 1st period - Deflect By Riley Sheahan.
5:56 of 1st period - Shot Misses the Net.
5:56 of 1st period - Puck is out of play.
5:57 of 1st period - Cory Emmerton wins face-off versus Riley Sheahan in Stars zone.
6:08 of 1st period - Andrej Sustr is hit by Marian Hossa and loses puck.
6:15 of 1st period - Slapshot by Kellan Lain.
6:15 of 1st period - Stopped by Cory Schneider without a rebound.
6:16 of 1st period - Evgeny Grachev wins face-off versus Kevin Porter in Stars zone.
6:41 of 1st period - Boris Valabik is hit by Marian Hossa and loses puck.
7:12 of 1st period - Snap shot by Cam Atkinson.
7:12 of 1st period - Stopped by Keith Kinkaid without a rebound.
7:13 of 1st period - Cory Emmerton wins face-off versus Kevin Porter in Devils zone.
7:18 of 1st period - Snap shot by Travis Hamonic.
7:18 of 1st period - Stopped by Cory Schneider without a rebound.
7:19 of 1st period - Kevin Porter wins face-off versus Cory Emmerton in Stars zone.
7:22 of 1st period - Snap shot by Kevin Porter.
7:22 of 1st period - Stopped by Cory Schneider with a rebound.
8:08 of 1st period - Brent Seabrook is hit by Ian White and loses puck.
8:13 of 1st period - Snap shot by Ted Purcell.
8:13 of 1st period - Stopped by Keith Kinkaid with a rebound.
8:19 of 1st period - Snap shot by Ted Purcell.
8:19 of 1st period - Stopped by Keith Kinkaid with a rebound.
8:21 of 1st period - Backhand shot by Ian White.
8:21 of 1st period - Stopped by Keith Kinkaid with a rebound.
8:40 of 1st period - Viktor Arvidsson is hit by Boris Valabik and loses puck.
10:03 of 1st period - Slapshot by B.J. Crombeen.
10:03 of 1st period - Deflect By Alexander Frolov.
10:03 of 1st period - Shot Misses the Net.
10:03 of 1st period - Puck is out of play.
10:04 of 1st period - Evgeny Grachev wins face-off versus Riley Sheahan in Devils zone.
10:15 of 1st period - Slapshot by Alexander Frolov.
10:15 of 1st period - Stopped by Keith Kinkaid without a rebound.
10:16 of 1st period - John Tavares wins face-off versus Tyler Seguin in Devils zone.
10:27 of 1st period - Snap shot by Guillaume Latendresse.
10:27 of 1st period - Shot Blocked by Brady Skjei.
10:58 of 1st period - Minor Penalty to Cory Emmerton for Holding.
10:59 of 1st period - John Tavares wins face-off versus Riley Sheahan in Stars zone.
11:13 of 1st period - Snap shot by Johnny Gaudreau.
11:13 of 1st period - Goal by Johnny Gaudreau - Stars : 0 - Devils : 2.
11:14 of 1st period - Tyler Seguin wins face-off versus Guillaume Latendresse in neutral zone.
11:21 of 1st period - Wrist shot by Tyler Seguin.
11:21 of 1st period - Shot Misses the Net.
11:23 of 1st period - Slapshot by Tyler Seguin.
11:23 of 1st period - Stopped by Cory Schneider without a rebound.
11:24 of 1st period - Tyler Seguin wins face-off versus John Tavares in Stars zone.
11:35 of 1st period - Wrist shot by Johnny Gaudreau.
11:35 of 1st period - Shot Misses the Net.
11:37 of 1st period - Wrist shot by Tyler Seguin.
11:37 of 1st period - Stopped by Cory Schneider without a rebound.
11:38 of 1st period - John Tavares wins face-off versus Kellan Lain in Stars zone.
11:53 of 1st period - Icing by John Tavares.
11:54 of 1st period - Kevin Porter wins face-off versus John Tavares in Stars zone.
12:19 of 1st period - Cory Emmerton is hit by Johnny Gaudreau and loses puck.
12:43 of 1st period - Icing by Riley Sheahan.
12:44 of 1st period - Riley Sheahan wins face-off versus Evgeny Grachev in Devils zone.
13:24 of 1st period - Snap shot by B.J. Crombeen.
13:24 of 1st period - Shot Blocked by Travis Hamonic.
13:39 of 1st period - Snap shot by B.J. Crombeen.
13:39 of 1st period - Stopped by Keith Kinkaid without a rebound.
13:40 of 1st period - Viktor Arvidsson wins face-off versus John Tavares in Devils zone.
13:49 of 1st period - Snap shot by Guillaume Latendresse.
13:49 of 1st period - Stopped by Keith Kinkaid without a rebound.
13:50 of 1st period - Tyler Seguin wins face-off versus John Tavares in Devils zone.
13:50 of 1st period - Tyler Seguin is hit by Michael Grabner.
14:07 of 1st period - Icing by Guillaume Latendresse.
14:08 of 1st period - Michael Grabner wins face-off versus Kevin Porter in Stars zone.
14:33 of 1st period - Jussi Jokinen is hit by Tyler Seguin and loses puck.
15:05 of 1st period - Snap shot by Alexander Frolov.
15:05 of 1st period - Shot Misses the Net.
15:19 of 1st period - Snap shot by Cam Atkinson.
15:19 of 1st period - Stopped by Keith Kinkaid without a rebound.
15:20 of 1st period - Tyler Bozak wins face-off versus Dana Tyrell in Devils zone.
15:47 of 1st period - Ian White is hit by Tyler Bozak and loses puck.
16:19 of 1st period - Rostislav Olesz is hit by Ian White and loses puck.
16:54 of 1st period - Wrist shot by Dana Tyrell.
16:54 of 1st period - Shot Misses the Net.
16:56 of 1st period - Slapshot by Ian White.
16:56 of 1st period - Shot Misses the Net.
16:58 of 1st period - Wrist shot by Cam Atkinson.
16:58 of 1st period - Stopped by Keith Kinkaid with a rebound.
17:00 of 1st period - Snap shot by Ted Purcell.
17:00 of 1st period - Stopped by Keith Kinkaid without a rebound.
17:01 of 1st period - Tyler Seguin wins face-off versus John Tavares in Devils zone.
17:28 of 1st period - Snap shot by Cory Emmerton.
17:28 of 1st period - Shot Misses the Net.
17:34 of 1st period - Slapshot by Cory Emmerton.
17:34 of 1st period - Stopped by Keith Kinkaid without a rebound.
17:35 of 1st period - Riley Sheahan wins face-off versus Cory Emmerton in Devils zone.
17:50 of 1st period - Slapshot by Kellan Lain.
17:50 of 1st period - Goal by Kellan Lain - Stars : 0 - Devils : 3.
17:51 of 1st period - Tyler Seguin wins face-off versus John Tavares in neutral zone.
18:43 of 1st period - Riley Sheahan is hit by Alexander Frolov and loses puck.
19:08 of 1st period - Icing by Brian Lee.
19:09 of 1st period - Tyler Seguin wins face-off versus Dana Tyrell in Stars zone.
19:16 of 1st period - Wrist shot by Tyler Seguin.
19:16 of 1st period - Deflect By Viktor Arvidsson.
19:16 of 1st period - Stopped by Cory Schneider with a rebound.
19:44 of 1st period - Snap shot by Cam Atkinson.
19:44 of 1st period - Stopped by Keith Kinkaid with a rebound.
19:46 of 1st period - Snap shot by Dana Tyrell.
19:46 of 1st period - Shot Misses the Net.
19:48 of 1st period - Snap shot by Ted Purcell.
19:48 of 1st period - Shot Misses the Net.
19:50 of 1st period - Slapshot by Ted Purcell.
19:50 of 1st period - Stopped by Keith Kinkaid without a rebound.
19:51 of 1st period - Riley Sheahan wins face-off versus John Tavares in Devils zone.
Goals for this period are 0 for Stars vs 3 for Devils.
Shots for this period are 15 for Stars vs 18 for Devils.
2nd period
0:01 of 2nd period - Riley Sheahan wins face-off versus John Tavares in neutral zone.
0:26 of 2nd period - Kevin Porter is hit by Jussi Jokinen and loses puck.
0:53 of 2nd period - Off-side.
0:54 of 2nd period - John Tavares wins face-off versus Tyler Seguin in neutral zone.
1:21 of 2nd period - Marian Hossa is hit by Jussi Jokinen.
1:45 of 2nd period - Snap shot by Kevin Porter.
1:45 of 2nd period - Stopped by Cory Schneider with a rebound.
1:47 of 2nd period - Wrist shot by Brenden Morrow.
1:47 of 2nd period - Stopped by Cory Schneider with a rebound.
1:49 of 2nd period - Wrist shot by Kevin Porter.
1:49 of 2nd period - Shot Blocked by Evgeny Grachev.
1:51 of 2nd period - Slapshot by Brady Skjei.
1:51 of 2nd period - Stopped by Cory Schneider with a rebound.
1:53 of 2nd period - Snap shot by Jordan Caron.
1:53 of 2nd period - Shot Blocked by Evgeny Grachev.
1:55 of 2nd period - Minor Penalty to Andrej Sustr for Holding.
1:56 of 2nd period - Riley Sheahan wins face-off versus John Tavares in Stars zone.
2:07 of 2nd period - Ian White is hit by Brady Skjei and loses puck.
2:22 of 2nd period - Ian White is hit by Tyler Seguin.
2:30 of 2nd period - Wrist shot by Kellan Lain.
2:30 of 2nd period - Stopped by Cory Schneider with a rebound.
2:40 of 2nd period - Slapshot by Ian White.
2:40 of 2nd period - Shot Misses the Net.
2:52 of 2nd period - Tobias Enstrom is hit by Alexander Frolov and loses puck.
3:55 of 2nd period - Penalty to Andrej Sustr is over, Andrej Sustr is back on ice.
4:25 of 2nd period - Wrist shot by Alex Chiasson.
4:25 of 2nd period - Stopped by Keith Kinkaid with a rebound.
4:43 of 2nd period - Radko Gudas is hit by Alexander Frolov and loses puck.
4:54 of 2nd period - Radko Gudas is hit by Brian Lee and loses puck.
5:31 of 2nd period - Evgeny Grachev is hit by Kevin Porter and loses puck.
7:20 of 2nd period - Snap shot by B.J. Crombeen.
7:20 of 2nd period - Stopped by Keith Kinkaid with a rebound.
7:39 of 2nd period - Johnny Gaudreau is hit by Michael Grabner and loses puck.
7:56 of 2nd period - Johnny Oduya is hit by Jordan Caron and loses puck.
8:15 of 2nd period - Cam Atkinson is hit by Marian Hossa and loses puck.
8:20 of 2nd period - Snap shot by Kellan Lain.
8:20 of 2nd period - Shot Misses the Net.
8:22 of 2nd period - Slapshot by Travis Hamonic.
8:22 of 2nd period - Shot Misses the Net.
8:34 of 2nd period - Snap shot by Cory Emmerton.
8:34 of 2nd period - Stopped by Keith Kinkaid without a rebound.
8:35 of 2nd period - Cory Emmerton wins face-off versus Tyler Seguin in Devils zone.
8:36 of 2nd period - Snap shot by Jussi Jokinen.
8:36 of 2nd period - Deflect By Alex Chiasson.
8:36 of 2nd period - Goal by Alex Chiasson - Stars : 1 - Devils : 3.
8:37 of 2nd period - John Tavares wins face-off versus Tyler Seguin in neutral zone.
9:10 of 2nd period - Snap shot by Cory Emmerton.
9:10 of 2nd period - Stopped by Keith Kinkaid with a rebound.
9:12 of 2nd period - Slapshot by Cory Emmerton.
9:12 of 2nd period - Goal by Cory Emmerton - Stars : 2 - Devils : 3.
9:13 of 2nd period - John Tavares wins face-off versus Tyler Seguin in neutral zone.
9:40 of 2nd period - Kellan Lain is hit by Alex Chiasson and loses puck.
10:49 of 2nd period - Slapshot by Brent Seabrook.
10:49 of 2nd period - Stopped by Cory Schneider without a rebound.
10:50 of 2nd period - John Tavares wins face-off versus Tyler Seguin in Stars zone.
11:03 of 2nd period - Wrist shot by Viktor Arvidsson.
11:03 of 2nd period - Goal by Viktor Arvidsson - Stars : 2 - Devils : 4.
11:04 of 2nd period - Tyler Seguin wins face-off versus John Tavares in neutral zone.
11:11 of 2nd period - Slapshot by Johnny Gaudreau.
11:11 of 2nd period - Stopped by Cory Schneider without a rebound.
11:12 of 2nd period - John Tavares wins face-off versus Tyler Seguin in Stars zone.
12:14 of 2nd period - Snap shot by Johnny Gaudreau.
12:14 of 2nd period - Stopped by Cory Schneider without a rebound.
12:15 of 2nd period - Cory Emmerton wins face-off versus Riley Sheahan in Stars zone.
12:28 of 2nd period - Snap shot by Cory Emmerton.
12:28 of 2nd period - Stopped by Keith Kinkaid without a rebound.
12:29 of 2nd period - Cory Emmerton wins face-off versus Riley Sheahan in Devils zone.
12:32 of 2nd period - Wrist shot by Cory Emmerton.
12:32 of 2nd period - Deflect By Jussi Jokinen.
12:32 of 2nd period - Stopped by Keith Kinkaid without a rebound.
12:33 of 2nd period - Cory Emmerton wins face-off versus Riley Sheahan in Devils zone.
13:02 of 2nd period - Snap shot by Ted Purcell.
13:02 of 2nd period - Shot Blocked by Kellan Lain.
13:04 of 2nd period - Snap shot by Dana Tyrell.
13:04 of 2nd period - Shot Blocked by Brent Seabrook.
13:06 of 2nd period - Snap shot by Dana Tyrell.
13:06 of 2nd period - Shot Blocked by Brent Seabrook.
13:08 of 2nd period - Wrist shot by Cam Atkinson.
13:08 of 2nd period - Stopped by Keith Kinkaid without a rebound.
13:09 of 2nd period - John Tavares wins face-off versus Tyler Seguin in Devils zone.
14:43 of 2nd period - Icing by Tyler Seguin.
14:44 of 2nd period - Tyler Seguin wins face-off versus John Tavares in Devils zone.
15:01 of 2nd period - Slapshot by Brian Lee.
15:01 of 2nd period - Stopped by Keith Kinkaid without a rebound.
15:02 of 2nd period - Cory Emmerton wins face-off versus Riley Sheahan in Devils zone.
15:10 of 2nd period - Minor Penalty to Kellan Lain for Holding.
15:11 of 2nd period - John Tavares wins face-off versus Riley Sheahan in Devils zone.
15:11 of 2nd period - Snap shot by Michael Grabner.
15:11 of 2nd period - Deflect By Guillaume Latendresse.
15:11 of 2nd period - Shot Misses the Net.
15:11 of 2nd period - Puck is out of play.
15:12 of 2nd period - John Tavares wins face-off versus Riley Sheahan in Devils zone.
15:13 of 2nd period - Slapshot by Guillaume Latendresse.
15:13 of 2nd period - Stopped by Keith Kinkaid without a rebound.
15:14 of 2nd period - John Tavares wins face-off versus Riley Sheahan in Devils zone.
15:31 of 2nd period - Snap shot by Michael Grabner.
15:31 of 2nd period - Deflect By John Tavares.
15:31 of 2nd period - Shot Blocked by Radko Gudas.
15:31 of 2nd period - Puck is out of play.
15:32 of 2nd period - Riley Sheahan wins face-off versus Jussi Jokinen in Devils zone.
16:12 of 2nd period - Boris Valabik is hit by Radko Gudas and loses puck.
16:35 of 2nd period - Johnny Gaudreau is hit by Ian White and loses puck.
17:10 of 2nd period - Penalty to Kellan Lain is over, Kellan Lain is back on ice.
17:20 of 2nd period - Wrist shot by Ted Purcell.
17:20 of 2nd period - Stopped by Keith Kinkaid without a rebound.
17:21 of 2nd period - Dana Tyrell wins face-off versus Tyler Bozak in Devils zone.
17:22 of 2nd period - Snap shot by Ted Purcell.
17:22 of 2nd period - Deflect By Dana Tyrell.
17:22 of 2nd period - Shot Blocked by Anthony Stewart.
17:22 of 2nd period - Puck is out of play.
17:23 of 2nd period - Tyler Bozak wins face-off versus Dana Tyrell in Devils zone.
17:28 of 2nd period - Dana Tyrell is hit by Anthony Stewart and loses puck.
18:03 of 2nd period - Travis Hamonic is hit by Cam Atkinson and loses puck.
18:14 of 2nd period - Slapshot by Tyler Bozak.
18:14 of 2nd period - Shot Misses the Net.
18:26 of 2nd period - Rostislav Olesz is hit by Dana Tyrell.
18:30 of 2nd period - Snap shot by Cam Atkinson.
18:30 of 2nd period - Shot Misses the Net.
18:32 of 2nd period - Wrist shot by Cam Atkinson.
18:32 of 2nd period - Shot Misses the Net.
18:34 of 2nd period - Wrist shot by Dana Tyrell.
18:34 of 2nd period - Shot Misses the Net.
18:42 of 2nd period - Wrist shot by Cam Atkinson.
18:42 of 2nd period - Stopped by Keith Kinkaid with a rebound.
18:44 of 2nd period - Snap shot by Cam Atkinson.
18:44 of 2nd period - Stopped by Keith Kinkaid without a rebound.
18:45 of 2nd period - John Tavares wins face-off versus Tyler Seguin in Devils zone.
18:46 of 2nd period - Wrist shot by Guillaume Latendresse.
18:46 of 2nd period - Deflect By John Tavares.
18:46 of 2nd period - Shot Misses the Net.
18:46 of 2nd period - Puck is out of play.
18:47 of 2nd period - Tyler Seguin wins face-off versus John Tavares in Devils zone.
18:54 of 2nd period - Icing by Ian White.
18:55 of 2nd period - Tyler Seguin wins face-off versus John Tavares in Stars zone.
Goals for this period are 2 for Stars vs 1 for Devils.
Shots for this period are 14 for Stars vs 8 for Devils.
3rd period
0:01 of 3rd period - Riley Sheahan wins face-off versus Cory Emmerton in neutral zone.
0:33 of 3rd period - Slapshot by Kellan Lain.
0:33 of 3rd period - Stopped by Cory Schneider with a rebound.
0:35 of 3rd period - Slapshot by Radko Gudas.
0:35 of 3rd period - Stopped by Cory Schneider with a rebound.
0:54 of 3rd period - Snap shot by Brady Skjei.
0:54 of 3rd period - Stopped by Cory Schneider without a rebound.
0:55 of 3rd period - Tyler Seguin wins face-off versus John Tavares in Stars zone.
1:12 of 3rd period - Snap shot by John Tavares.
1:12 of 3rd period - Stopped by Keith Kinkaid without a rebound.
1:13 of 3rd period - Kevin Porter wins face-off versus Jussi Jokinen in Devils zone.
1:13 of 3rd period - Kevin Porter is hit by Boris Valabik.
1:49 of 3rd period - Wrist shot by Viktor Arvidsson.
1:49 of 3rd period - Stopped by Cory Schneider without a rebound.
1:50 of 3rd period - Riley Sheahan wins face-off versus Cory Emmerton in Stars zone.
1:55 of 3rd period - Wrist shot by Kellan Lain.
1:55 of 3rd period - Stopped by Cory Schneider without a rebound.
1:56 of 3rd period - Cory Emmerton wins face-off versus Riley Sheahan in Stars zone.
2:24 of 3rd period - Brady Skjei is hit by Guillaume Latendresse and loses puck.
2:34 of 3rd period - Off-side.
2:35 of 3rd period - Cory Emmerton wins face-off versus Riley Sheahan in neutral zone.
3:51 of 3rd period - Slapshot by Cory Emmerton.
3:51 of 3rd period - Stopped by Keith Kinkaid with a rebound.
4:16 of 3rd period - Slapshot by Brady Skjei.
4:16 of 3rd period - Shot Blocked by Ian White.
4:19 of 3rd period - Icing by Dana Tyrell.
4:20 of 3rd period - Dana Tyrell wins face-off versus Tyler Seguin in Stars zone.
4:20 of 3rd period - Dana Tyrell is hit by Viktor Arvidsson.
4:36 of 3rd period - Off-side.
4:37 of 3rd period - Michael Grabner wins face-off versus Riley Sheahan in neutral zone.
4:45 of 3rd period - Minor Penalty to Travis Hamonic for Cross-checking.
4:46 of 3rd period - Riley Sheahan wins face-off versus John Tavares in Devils zone.
6:06 of 3rd period - Wrist shot by Johnny Gaudreau.
6:06 of 3rd period - Goal by Johnny Gaudreau - Stars : 2 - Devils : 5.
6:07 of 3rd period - John Tavares wins face-off versus Riley Sheahan in neutral zone.
6:45 of 3rd period - Penalty to Travis Hamonic is over, Travis Hamonic is back on ice.
6:52 of 3rd period - Icing by Kevin Porter.
6:53 of 3rd period - Kevin Porter wins face-off versus Evgeny Grachev in Devils zone.
7:28 of 3rd period - Wrist shot by John Tavares.
7:28 of 3rd period - Shot Misses the Net.
8:10 of 3rd period - Slapshot by Kevin Porter.
8:10 of 3rd period - Stopped by Cory Schneider with a rebound.
9:07 of 3rd period - Minor Penalty to Rostislav Olesz for Hooking.
9:08 of 3rd period - Riley Sheahan wins face-off versus John Tavares in Devils zone.
9:18 of 3rd period - Snap shot by Riley Sheahan.
9:18 of 3rd period - Stopped by Cory Schneider without a rebound.
9:19 of 3rd period - John Tavares wins face-off versus Riley Sheahan in Stars zone.
9:32 of 3rd period - Slapshot by Brian Lee.
9:32 of 3rd period - Stopped by Keith Kinkaid with a rebound.
9:34 of 3rd period - Slapshot by Ian White.
9:34 of 3rd period - Shot Misses the Net.
9:36 of 3rd period - Backhand shot by Michael Grabner.
9:36 of 3rd period - Stopped by Keith Kinkaid without a rebound.
9:37 of 3rd period - Riley Sheahan wins face-off versus John Tavares in Devils zone.
10:06 of 3rd period - Snap shot by Jussi Jokinen.
10:06 of 3rd period - Stopped by Keith Kinkaid without a rebound.
10:07 of 3rd period - Kevin Porter wins face-off versus John Tavares in Devils zone.
11:07 of 3rd period - Penalty to Rostislav Olesz is over, Rostislav Olesz is back on ice.
11:58 of 3rd period - Slapshot by Johnny Gaudreau.
11:58 of 3rd period - Shot Misses the Net.
12:16 of 3rd period - Rostislav Olesz is hit by Guillaume Latendresse and loses puck.
12:52 of 3rd period - Tyler Bozak is hit by Cam Atkinson and loses puck.
13:01 of 3rd period - Snap shot by Ted Purcell.
13:01 of 3rd period - Shot Blocked by Marian Hossa.
13:40 of 3rd period - Jordan Caron is hit by Brian Lee and loses puck.
14:30 of 3rd period - Snap shot by Cam Atkinson.
14:30 of 3rd period - Shot Misses the Net.
15:06 of 3rd period - Slapshot by Michael Grabner.
15:06 of 3rd period - Stopped by Keith Kinkaid with a rebound.
15:08 of 3rd period - Slapshot by Boris Valabik.
15:08 of 3rd period - Stopped by Keith Kinkaid without a rebound.
15:09 of 3rd period - John Tavares wins face-off versus Tyler Seguin in Devils zone.
15:15 of 3rd period - Off-side.
15:16 of 3rd period - Tyler Seguin wins face-off versus John Tavares in neutral zone.
15:21 of 3rd period - Slapshot by Brady Skjei.
15:21 of 3rd period - Deflect By Tyler Seguin.
15:21 of 3rd period - Goal by Tyler Seguin - Stars : 2 - Devils : 6.
15:22 of 3rd period - John Tavares wins face-off versus Tyler Seguin in neutral zone.
16:12 of 3rd period - Snap shot by Viktor Arvidsson.
16:12 of 3rd period - Stopped by Cory Schneider with a rebound.
16:14 of 3rd period - Snap shot by Brady Skjei.
16:14 of 3rd period - Shot Misses the Net.
16:16 of 3rd period - Snap shot by Johnny Gaudreau.
16:16 of 3rd period - Shot Misses the Net.
17:41 of 3rd period - Guillaume Latendresse is hit by Viktor Arvidsson and loses puck.
Goals for this period are 0 for Stars vs 2 for Devils.
Shots for this period are 7 for Stars vs 10 for Devils.
Back to the Top